AoeStats
← mathiusw.mane

MegaRandom

507653948Analyzed
3v3 RM · 13d ago on Sep 19, 2026· 85m 25s· 6 players
Game mode
Random Map
Map size
Normal (6 player)
Population
200
Speed
Normal
Resources
Standard
Victory
Conquest
Starting age
Dark Age
Ending age
Imperial Age
RankedLock teamsTeams togetherTeam positionsShared explorationLock speedFull tech treeHidden civsTurbo modeCheats
Victory
Defeat
🇺🇸 Armenians · United States
959
+15
🇺🇸 Huns · United States
947
+15
🇺🇸 Ethiopians · United States
774
+23
🇨🇱 Mongols · Chile
986
-20
🇧🇷 Teutons · Brazil
909
-17
🇧🇷 Chinese · Brazil
890
-16
gM1
11:39 Feudal Age
13:25 Wheelbarrow
13:04 Horse Collar
13:11 Double-Bit Axe
16:45 Man-at-Arms
21:06 Castle Age
24:35 Forging
24:25 Scale Mail Armor
27:41 Town Watch
29:42 Bow Saw
30:24 Chain Mail Armor
37:10 Imperial Age
38:25 Heavy Plow
38:12 Cavalier
39:05 Bloodlines
39:04 Scale Barding Armor
40:51 Hand Cart
40:25 Loom
42:13 Paladin
44:17 Crop Rotation
45:33 Two-Man Saw
45:46 Iron Casting
45:20 Town Patrol
47:38 Crenellations
55:39 Stone Mining
55:41 Gold Mining
62:19 Caravan
mathiusw.mane
5:18 Loom
13:21 Feudal Age
14:30 Double-Bit Axe
15:57 Bloodlines
16:15 Horse Collar
18:50 Castle Age
17:54 Stone Mining
17:59 Gold Mining
19:44 Husbandry
21:37 Heavy Plow
22:04 Bow Saw
22:30 Town Watch
24:10 Scale Barding Armor
24:15 Forging
27:19 Fervor
28:15 Wheelbarrow
28:23 Fletching
30:15 Padded Archer Armor
32:02 Bodkin Arrow
32:27 Leather Archer Armor
33:29 Hand Cart
35:53 Ballistics
38:29 Imperial Age
38:26 Thumb Ring
39:38 Chain Barding Armor
39:28 Forging
38:43 Light Cavalry
39:22 Heavy Cavalry Archer
40:14 Hussar
41:18 Conscription
42:20 Parthian Tactics
42:36 Bracer
45:33 Chemistry
44:21 Elite Skirmisher
46:15 Heavy Scorpion
49:36 Elite Mangudai
50:43 Drill
55:38 Town Patrol
58:46 Elite Steppe Lancer
64:52 Hoardings
64:28 Heavy Camel Rider
70:16 Iron Casting
69:41 Scale Mail Armor
BIRIBINHA
11:20 Feudal Age
13:27 Wheelbarrow
12:38 Loom
14:31 Horse Collar
14:39 Double-Bit Axe
19:02 Scale Mail Armor
22:33 Forging
26:32 Castle Age
24:51 Fletching
25:12 Padded Archer Armor
25:23 Stone Mining
25:32 Town Watch
26:06 Gold Mining
28:46 Bodkin Arrow
29:50 Leather Archer Armor
41:30 Imperial Age
39:19 Hand Cart
39:52 Heavy Plow
40:07 Bow Saw
40:36 Gold Shaft Mining
41:01 Stone Shaft Mining
42:42 Ring Archer Armor
42:24 Bracer
44:10 Two-Man Saw
44:11 Elite Chu Ko Nu
45:24 Conscription
46:21 Heated Shot
46:51 Ballistics
47:32 Chemistry
54:12 Sappers
57:51 Pikeman
58:31 Squires
59:11 Iron Casting
58:51 Chain Mail Armor
58:36 Halberdier
61:10 Blast Furnace
61:38 Plate Mail Armor
62:02 Man-at-Arms
66:27 Cavalier
67:07 Husbandry
69:59 Scale Barding Armor
71:43 Chain Barding Armor
73:27 Coinage
OMG Dog Lips
12:54 Feudal Age
16:30 Forging
17:20 Scale Barding Armor
24:03 Castle Age
23:01 Double-Bit Axe
23:33 Fletching
23:45 Padded Archer Armor
25:42 Husbandry
25:55 Bloodlines
26:31 Bow Saw
29:26 Gold Mining
30:20 Wheelbarrow
31:01 Ballistics
31:25 Bodkin Arrow
31:46 Leather Archer Armor
32:14 Thumb Ring
33:56 Gold Shaft Mining
33:25 Elite Skirmisher
37:50 Imperial Age
41:36 Parthian Tactics
40:33 Heavy Cavalry Archer
41:57 Bracer
42:28 Cavalier
43:41 Marauders
48:41 Two-Man Saw
47:29 Paladin
55:18 Light Cavalry
69:11 Chain Barding Armor
Soft Hands
5:44 Loom
12:17 Feudal Age
12:58 Double-Bit Axe
14:40 Man-at-Arms
15:49 Gold Mining
15:42 Long Swordsman
16:45 Arson
18:08 Forging
17:59 Scale Mail Armor
19:21 Wheelbarrow
18:32 Horse Collar
25:38 Castle Age
25:41 Two-Handed Swordsman
26:10 Gambesons
26:26 Squires
26:46 Chain Mail Armor
27:06 Iron Casting
26:46 Bow Saw
27:16 Gold Shaft Mining
26:36 Stone Mining
27:26 Heavy Plow
28:38 Hand Cart
31:27 Padded Archer Armor
31:18 Fletching
31:59 Crossbowman
33:02 Leather Archer Armor
32:42 Bodkin Arrow
34:42 Champion
38:25 Pikeman
42:22 Imperial Age
42:35 Imperial Age
41:06 Town Watch
41:59 Scale Barding Armor
45:05 Plate Mail Armor
46:02 Halberdier
46:13 Arbalester
47:02 Bracer
47:19 Elite Composite Bowman
49:12 Fereters
55:07 Elite Skirmisher
57:40 Conscription
57:55 Ring Archer Armor
58:25 Blast Furnace
61:52 Town Patrol
62:21 Ballistics
63:01 Chemistry
62:13 Masonry
62:14 Fortified Wall
62:03 Murder Holes
62:00 Guard Tower
67:36 Chain Barding Armor
67:41 Bombard Tower
67:14 Onager
67:15 Heavy Scorpion
69:15 Cilician Fleet
79:13 Light Cavalry
80:04 Bloodlines
79:55 Husbandry
LiberatingRain
14:21 Feudal Age
15:53 Wheelbarrow
15:14 Fishing Lines
15:40 Double-Bit Axe
18:40 Horse Collar
18:57 Gold Mining
19:00 Stone Mining
22:58 Fletching
23:09 Scale Mail Armor
23:20 Forging
26:58 Castle Age
25:08 Arson
28:49 Hand Cart
28:40 Squires
29:19 Iron Casting
29:00 Chain Mail Armor
30:12 Bow Saw
31:04 Gold Shaft Mining
30:32 Heavy Plow
31:12 Stone Shaft Mining
32:14 Gillnets
40:58 Imperial Age
41:23 Elite Shotel Warrior
42:54 Plate Mail Armor
43:53 Blast Furnace
43:21 Conscription
58:19 Chemistry
65:37 Royal Heirs
68:43 Caravan
Connection lost

Rejoining the realm…

Still unreachable

The connection could not be restored.

Session expired

The server has moved on; the page needs a fresh start.